 Dungeon Crawl Stone Soup version 0.18-a0-1789-gbeff17f (webtiles) character file.

3566 macross the Cleaver (level 9, 63/82 HPs)
             Began as a Minotaur Berserker on Apr 21, 2016.
             Was an Elder of Trog.
             Starved to death
             ... on level 8 of the Dungeon.
             The game lasted 00:31:35 (7046 turns).

macross the Cleaver (Minotaur Berserker)            Turns: 7046, Time: 00:31:36

Health: 63/82      AC: 16    Str: 26    XL:     9   Next: 84%
Magic:  8/8        EV:  9    Int:  4    God:    Trog [****..]
Gold:   456        SH:  0    Dex:  9    Spells: 0 memorised, 8 levels left

rFire  + . .     SeeInvis .     I - +2 battleaxe
rCold  x . .     Gourm    .     K - +0 plate armour
rNeg   . . .     Faith    .     (shield currently unavailable)
rPois  .         Spirit   .     (helmet restricted)
rElec  .         Dismiss  .     (no cloak)
rCorr  +         Reflect  .     y - +0 pair of gloves
SustAt .         Harm     .     F - +0 pair of boots
MR     .....                    (no amulet)
Stlth  ..........               A - ring of fire
                                e - ring of resist corrosion

@: fainting, not resistant to hostile enchantments, extremely unstealthy
A: retaliatory headbutt, horns 2
a: Berserk, Trog's Hand, Brothers in Arms, Burn Spellbooks, Renounce Religion


You were on level 8 of the Dungeon.
You worshipped Trog.
Trog was greatly pleased with you.
You were fainting.

You visited 1 branch of the dungeon, and saw 8 of its levels.

You collected 456 gold pieces.

Inventory:

Hand Weapons
 a - a +1 hand axe
 G - a +2 war axe
 I - a +2 battleaxe (weapon)
Armour
 b - a +0 animal skin
 h - a +0 cloak
 j - a +0 leather armour
 s - a +3 chain mail of cold resistance
 y - a +0 pair of gloves (worn)
 z - a +0 leather armour of positive energy
 C - the +1 robe of Goongu {rCorr, unknown}
   (You found it on level 4 of the Dungeon)

   It protects you from acid and corrosion.
 F - a +0 pair of boots (worn)
 K - a +0 plate armour (worn)
Jewellery
 e - a ring of resist corrosion (left hand)
 f - an uncursed ring of resist corrosion
 r - an uncursed ring of protection from fire
 A - a ring of fire (right hand)
 J - an uncursed ring of fire
Wands
 g - a wand of digging (6/24)
 t - a wand of lightning (5/15)
 L - a wand of teleportation (6/9)
Scrolls
 d - 2 scrolls of magic mapping
 i - 2 scrolls of amnesia
 n - 3 scrolls of identify
 o - a scroll of recharging
 u - a scroll of blinking
 v - a scroll of random uselessness
 w - a scroll of teleportation
 x - 3 scrolls of remove curse
 D - a scroll of enchant armour
 H - a scroll of brand weapon {unknown}
Potions
 c - 5 potions of curing
 k - a potion of brilliance
 l - a potion of heal wounds {unknown}
 m - 2 potions of degeneration
 p - a potion of cure mutation
 q - a potion of invisibility {unknown}
 B - a potion of resistance {unknown}
 E - a potion of haste {unknown}
 M - 2 potions of mutation {unknown}


   Skills:
 + Level 8.9 Fighting
 + Level 10.0 Axes
 + Level 9.0 Armour
 + Level 6.8 Dodging
 + Level 2.0 Stealth


You had 8 spell levels left.
You didn't know any spells.

Dungeon Overview and Level Annotations

Branches:
Dungeon (8/15)             Temple (0/1) D:4
   Lair: D:8-11

Altars:
Cheibriados
Elyvilon
Fedhas
Kikubaaqudgha
Nemelex Xobeh
Pakellas
Qazlal
Sif Muna
Trog
Yredelemnul

Annotations:
D:8 Erolcha


Innate Abilities, Weirdness & Mutations

You reflexively headbutt those who attack you in melee.
You have a pair of horns on your head.


Message History

You headbutt the gnoll.
You kill the gnoll!
Trog accepts your kill.
Your Armour skill increases to level 9!
You open the door.
Erolcha the Cunning comes into view.
She is wielding a giant club.
Erolcha shouts!
There is an open door here.
Erolcha casts a spell.
Erolcha flickers and vanishes!
Deactivating autopickup; reactivate with Ctrl-A.
There is an open door here.
You suddenly lose the ability to move!
Something hits you. Something completely misses you.
You can move again.
You see here a gnoll corpse.
You slice something!! You headbutt something.
You have starved to death.
You die...

. #.... .. +....####.
#........# .......# ##
#....# .##+## #....#
#+## .....#
###'##..... .....#
#(.)...... .....#
#.@)...... ###..#
#.###.##..
###..###+######'###.##
............#........#
............#........#
.....<......#........#
............#........#
......##..###.########
########..###.##


There were no monsters in sight!

Vanquished Creatures
  Pikel (D:4)
  Grinder (D:3)
  Sigmund (D:5)
  A hippogriff (D:6)
  An orc warrior (D:7)
  2 sky beasts
  A necrophage (D:8)
  2 black bears
  An ogre (D:6)
  5 centaurs
  A crocodile (D:8)
  2 giant frogs
  Blork the orc (D:6)
  A scorpion (D:7)
  4 wights (D:6)
  2 howler monkeys (D:6)
  4 crimson imps
  A centaur zombie (D:7)
  A giant frog zombie (D:5)
  4 hounds
  2 orc priests (D:5)
  2 jellies (D:5)
  3 orc wizards
  2 iguanas
  Terence (D:3)
  4 worker ants
  A hound zombie (D:7)
  A hound skeleton (D:4)
  10 gnolls
  11 adders
  3 shadow imps
  2 oozes
  An adder skeleton (D:6)
  3 worms
  A dart slug (D:4)
  3 giant geckos
  12 orcs
  10 bats
  7 giant cockroaches
  4 goblins
  3 hobgoblins
  12 jackals
  4 kobolds
  2 quokkas
  A ball python zombie (D:5)
  A giant cockroach zombie (D:5)
  A giant gecko skeleton (D:5)
  2 giant gecko zombies
  3 giant newts
  2 quokka skeletons (D:6)
  9 rats
160 creatures vanquished.

Vanquished Creatures (others)
  A hound (D:4)
  A dart slug (D:4)
  A rat (D:4)
3 creatures vanquished.

Grand Total: 163 creatures vanquished

Notes
Turn   | Place    | Note
--------------------------------------------------------------
     0 | D:1      | macross the Minotaur Berserker began the quest for the Orb.
     0 | D:1      | Reached XP level 1. HP: 19/19 MP: 0/0
   271 | D:1      | Reached XP level 2. HP: 26/27 MP: 1/1
   728 | D:1      | Reached ** piety under Trog
   811 | D:2      | Found a basalt altar of Yredelemnul.
   924 | D:2      | Found a sparkling altar of Nemelex Xobeh.
   979 | D:2      | Reached XP level 3. HP: 33/33 MP: 2/2
  1055 | D:2      | Reached skill level 4 in Axes
  1585 | D:3      | Found a faded altar to an unknown god.
  1602 | D:3      | Noticed Terence
  1616 | D:3      | Killed Terence
  1616 | D:3      | Reached XP level 4. HP: 41/41 MP: 3/3
  1825 | D:3      | Noticed Grinder
  1828 | D:3      | Paralysed by Grinder for 2 turns
  1834 | D:3      | Killed Grinder
  1834 | D:3      | Reached skill level 5 in Fighting
  1834 | D:3      | Reached skill level 5 in Axes
  1834 | D:3      | Reached XP level 5. HP: 35/48 MP: 4/4
  1834 | D:3      | Reached XP level 6. HP: 41/56 MP: 5/5
  2344 | D:4      | Noticed Pikel
  2344 | D:4      | Noticed a slave
  2345 | D:4      | Noticed a slave
  2360 | D:4      | Killed Pikel
  2360 | D:4      | Reached skill level 6 in Axes
  2360 | D:4      | Reached skill level 5 in Dodging
  2360 | D:4      | Reached skill level 1 in Stealth
  2360 | D:4      | Reached XP level 7. HP: 63/63 MP: 6/6
  2366 | D:4      | Noticed a moth of wrath
  2371 | D:4      | Found a bloodstained altar of Trog.
  2882 | D:4      | Found a staircase to the Ecumenical Temple.
  2956 | D:4      | Got a tattered robe
  3367 | D:4      | Found a snail-covered altar of Cheibriados.
  3432 | D:4      | Found a white marble altar of Elyvilon.
  3529 | D:4      | Reached *** piety under Trog
  3812 | D:5      | Entered Level 5 of the Dungeon
  4299 | D:5      | Reached skill level 5 in Armour
  4299 | D:5      | Reached XP level 8. HP: 71/71 MP: 7/7
  4563 | D:5      | Reached skill level 7 in Axes
  4944 | D:5      | Noticed Sigmund
  4950 | D:5      | Killed Sigmund
  5447 | D:6      | Reached skill level 8 in Axes
  5491 | D:6      | Found a deep blue altar of Sif Muna.
  5765 | D:6      | Found an ancient bone altar of Kikubaaqudgha.
  5778 | D:6      | Reached XP level 9. HP: 79/79 MP: 8/8
  5985 | D:6      | Noticed Blork the orc
  5990 | D:6      | Killed Blork the orc
  6103 | D:7      | Found an oddly glowing altar of Pakellas.
  6130 | D:8      | Reached **** piety under Trog
  6193 | D:8      | Reached skill level 9 in Axes
  6250 | D:7      | Found a stormy altar of Qazlal.
  6558 | D:7      | Found a deep blue altar of Sif Muna.
  6595 | D:7      | Found a blossoming altar of Fedhas.
  6856 | D:8      | Reached skill level 10 in Axes
  7035 | D:8      | Noticed Erolcha
  7040 | D:8      | Paralysed by something for 6 turns
  7046 | D:8      | Starved to death

Vault maps used:
D:1:      dpeg_arrival_court
D:2:      overflow_temple_1_default, nemelex_deck, first_bread, hex_medium,
          minmay_misc_feat_chi, fountainhead
D:3:      ecumenical_altar_1, grunt_decor_resistance, uniq_terence, uniq_grinder
D:4:      tgw_trog, nicolae_overflow_hidden_temple,
          minmay_temple_entry_butterflies, kennysheep_slug_shrine, uniq_pikel
D:5:      kennysheep_nondescript, uniq_sigmund
D:6:      basic_altar, led_sif_book, uniq_blork_the_orc
D:7:      grunt_pakellas_mercury, lemuel_coloured_pillars_altar,
          overflow_temple_1_default, nicolae_qazlal_eye_of_the_storm
D:8:      enter_ossuary_1, uniq_erolcha, uniq_gastronok

Skill      XL: |  1  2  3  4  5  6  7  8  9 |
---------------+----------------------------+-----
Fighting       | 4 5 6 7 8 |  8.9
Axes           | 4 5 6 8 10 | 10.0
Armour         | 3 4 5 7 9 |  9.0
Dodging        | 3 4 5 6 |  6.8
Stealth        | 1 2 |  2.0

Action                   |  1- 3 |  4- 6 |  7- 9 || total
-------------------------+-------+-------+-------++-------
Melee: Hand axe          |    71 |    34 |    65 ||   170
       Headbutt          |    12 |     8 |    57 ||    77
       War axe           |       |       |    72 ||    72
       Battleaxe         |       |       |   120 ||   120
Invok: Berserk           |     1 |     1 |     7 ||     9
       Burn Spellbooks   |       |       |     1 ||     1
  Use: Scroll            |     3 |     2 |     6 ||    11
       Potion            |     1 |     2 |     1 ||     4
 Stab: Sleeping          |     1 |       |       ||     1
  Eat: Meat ration       |     1 |       |       ||     1
       Bread ration      |       |     1 |     3 ||     4
       Beef jerky        |       |       |     2 ||     2
Armor: Animal skin       |     8 |       |       ||     8
       Leather armour    |     9 |       |       ||     9
       Chain mail        |       |    14 |   167 ||   181
       Plate armour      |       |       |    22 ||    22
Dodge: Dodged            |    55 |    11 |   170 ||   236
